 Dungeon Crawl Stone Soup version 0.16-a0-113-gc8d9654 (console) character file.

156 MBison the Skirmisher (level 5, -3/42 HPs)
             Began as a Human Fighter on Aug 8, 2014.
             Was an Initiate of Okawaru.
             Slain by an ice beast (12 damage)
             ... on Level 4 of the Dungeon on Aug 11, 2014.
             The game lasted 00:27:07 (1951 turns).

MBison the Skirmisher (Human Fighter)               Turns: 1951, Time: 00:27:07

HP  -3/42        AC  5     Str 17      XL: 5   Next: 64%
MP   5/5         EV  7     Int  9      God: Okawaru [......]
Gold 88          SH  9     Dex 12      Spells:  0 memorised,  4 levels left

rFire  . . .     SeeInvis .     a - +0 war axe
rCold  . . .     Clarity  .     A - +0 ring mail
rNeg   . . .     rCorr    .     c - +0 shield
rPois  .         rRot     .     (no helmet)
rElec  .         Spirit   .     (no cloak)
SustAb +         Warding  .     (no gloves)
rMut   .         Stasis   .     (no boots)
Gourm  .                        (no amulet)
MR     +....                    x - ring of sustain abilities
                                k - ring of protection from magic

@: somewhat resistant to hostile enchantments, very unstealthy
A: no striking features
a: Renounce Religion


You were on level 4 of the Dungeon.
You worshipped Okawaru.
Okawaru was noncommittal.
You were hungry.

You visited 1 branch of the dungeon, and saw 4 of its levels.

You collected 88 gold pieces.

Inventory:

Hand weapons
 a - a +0 war axe (weapon)
Missiles
 f - 34 stones
 h - 7 needles of slowing
 s - 23 sling bullets
 u - 19 arrows
 w - 3 tomahawks (quivered)
 y - 9 bolts of flame
Armour
 c - a +0 shield (worn)
 l - a +0 scale mail
 A - a +0 ring mail (worn)
Comestibles
 d - a bread ration
 j - a slice of pizza
 n - a beef jerky
 q - a rotting chunk of bat flesh
 v - 11 fruits
Scrolls
 b - a scroll of fog {unknown}
 g - 3 scrolls of recharging {unknown}
 i - a scroll of random uselessness {unknown}
 m - 5 scrolls of identify {unknown}
 o - a scroll of fear {unknown}
 p - a scroll of remove curse {unknown}
 t - a scroll of noise {unknown}
Jewellery
 k - a ring of protection from magic (left hand)
 x - a ring of sustain abilities (right hand)
Potions
 e - a potion of might
 r - a potion of magic {unknown}
 z - a potion of confusion {unknown}


   Skills:
 * Level 3.8 Fighting
 + Level 2.6 Axes
 + Level 3.8 Armour
 + Level 1.9 Dodging
 + Level 3.8 Shields


You had 4 spell levels left.
You didn't know any spells.

Dungeon Overview and Level Annotations

Branches:
Dungeon (4/15)
 Temple: D:4-7

Altars:
Fedhas
Gozag
Okawaru

Annotations:
D:3 Purgy


Message History

The stone hits you but does no damage.
You smell something rotten. (slot q)
You slash the ice beast!
The ice beast is moderately wounded.
The ice beast closely misses you.
The goblin shoots a stone.
The stone hits you. The ice beast hits you. The ice beast freezes you.
You hit the ice beast.
The ice beast is moderately wounded.
The goblin shoots a stone.
You block the stone. The ice beast hits you. The ice beast freezes you!
The goblin shoots a stone.
The stone barely misses you.
The goblin shoots a stone.
The stone hits you.
* * * LOW HITPOINT WARNING * * *
You see here a stone.
Found a stone staircase leading up.
There is a stone staircase leading up here.
The ice beast hits you.
* * * LOW HITPOINT WARNING * * *
The ice beast freezes you!
You die...

#### ### ... ... #..
..# #.. #.# #.. #.#
#.. # #.# #..
#..###.#### #(#
#....@Y...##########.#
##.###...g...........#
####.############ #.#
# #.# # #.# # #.# #
#.. ###


You could see an ice beast and a goblin.

Vanquished Creatures
  Ijyb (D:2)
  5 adders
  3 gnolls (D:2)
  A giant mite (D:3)
  2 worms
  A giant gecko (D:1)
  8 goblins
  2 hobgoblins
  3 jackals (D:1)
  7 kobolds
  2 quokkas (D:3)
  6 bats
  A giant cockroach (D:1)
  2 giant newts
  3 rats (D:1)
47 creatures vanquished.

Notes
Turn   | Place    | Note
--------------------------------------------------------------
     0 | D:1      | MBison, the Human Fighter, began the quest for the Orb.
     0 | D:1      | Reached XP level 1. HP: 18/18 MP: 1/1
    89 | D:1      | Reached XP level 2. HP: 13/24 MP: 2/2
   515 | D:1      | Reached XP level 3. HP: 21/29 MP: 3/3
   749 | D:2      | Found an opulent altar of Gozag.
  1089 | D:2      | Found a blossoming altar of Fedhas.
  1162 | D:2      | Noticed Ijyb
  1189 | D:2      | Killed Ijyb
  1189 | D:2      | Reached skill level 1 in Dodging
  1189 | D:2      | Reached XP level 4. HP: 20/35 MP: 4/4
  1204 | D:2      | Upgraded the game from 0.16-a0-77-g708f960 to 0.16-a0-110-ge8ded92
  1211 | D:2      | Upgraded the game from 0.16-a0-110-ge8ded92 to 0.16-a0-113-gc8d9654
  1346 | D:2      | Found an iron altar of Okawaru.
  1381 | D:2      | Became a worshipper of Warmaster Okawaru
  1554 | D:2      | Reached XP level 5. HP: 35/41 MP: 5/5
  1870 | D:3      | Noticed Purgy
  1929 | D:4      | Noticed an ice beast
  1951 | D:4      | Slain by an ice beast

Action                   |  1- 3 |  4- 6 || total
-------------------------+-------+-------++-------
Melee: War axe           |   114 |    60 ||   174
       Unarmed           |     1 |       ||     1
Throw: Stone             |    20 |    12 ||    32
       Tomahawk          |    11 |    29 ||    40
  Eat: Chunk             |     1 |     1 ||     2
       Fruit             |       |     1 ||     1
